 Dungeon Crawl Stone Soup version 0.30-a0-711-gf4ac18a38d (webtiles) character file.

Game seed: 17997755550716444599

46 Newt the Trooper (level 3, 0/29 HPs)
             Began as a Demonspawn Gladiator on Jan 22, 2023.
             Slain by a gnoll
             ... wielding a +0 flail
              (4 damage)
             ... on level 2 of the Dungeon.
             The game lasted 00:01:30 (1889 turns).

Newt the Trooper (Demonspawn Gladiator)             Turns: 1889, Time: 00:01:31

Health: 0/29       AC:  4    Str: 14    XL:     3   Next: 44%
Magic:  3/3        EV: 12    Int: 17    God:
Gold:   88         SH:  0    Dex: 14    Spells: 2/2 levels left

rFire   . . .      SeeInvis .    m - +4 dagger
rCold   . . .      Faith    .    (no shield)
rNeg    . . .      Spirit   .    b - +0 leather armour
rPois   .          Reflect  .    c - +0 helmet
rElec   .          Harm     .    (no cloak)
rCorr   .          Rampage  .    (no gloves)
Will    +....                    (no boots)
Stlth   ++                       (no amulet)
HPRegen 0.24/turn                f - ring of willpower
MPRegen 0.08/turn                h - +6 ring of intelligence

@: lethally poisoned (0 -> -6), hasted, very quick
A: demonic magic 1
a: no special abilities


You were on level 2 of the Dungeon.
You visited 1 branch of the dungeon, and saw 3 of its levels.

You collected 88 gold pieces.

Inventory:

Hand Weapons
 a - a +0 rapier
 g - a +1 vampiric dagger
 m - a +4 dagger (weapon)
Missiles
 d - 3 throwing nets (quivered)
 e - a javelin
 k - 12 poisoned darts
Armour
 b - a +0 leather armour (worn)
 c - a +0 helmet (worn)
 i - the +1 ring mail of Vexation {rElec Int+3 Slay-6}
   (You found it on level 2 of the Dungeon)

   Int:       It affects your intelligence (+3).
   Slay:      It affects your accuracy & damage with ranged weapons and melee
   (-6).
   rElec:     It insulates you from electricity.
Jewellery
 f - a ring of willpower (left hand)
 h - a +6 ring of intelligence (right hand)
Scrolls
 o - a scroll of fog {unknown}
Potions
 j - a potion of brilliance {unknown}
 l - a potion of mutation {unknown}
 n - a potion of haste
 p - a potion of degeneration {unknown}


   Skills:
 + Level 3.2 Fighting
 - Level 2.6 Short Blades
 - Level 1.7 Throwing
 - Level 2.6 Dodging
 - Level 2.0 Stealth


You had 2 spell levels left.
You didn't know any spells.
Your spell library was empty.

Dungeon Overview and Level Annotations

Branches:
Dungeon (3/15)

Altars:


Innate Abilities, Weirdness & Mutations

Spells you cast may paralyse adjacent enemies.


Message History

There are monsters nearby!
(D) Dungeon
Where to? (Enter - D:3, ? - help)
There are monsters nearby!
The helpless orc fails to defend itself.
You puncture the orc!
You kill the orc!
You climb upwards.
There is a stone staircase leading down here.
Search for what [Enter for "."]? .
You climb downwards.
There is a stone staircase leading up here.
A gnoll comes into view. It is wielding a +0 flail.
A gnoll comes into view. It is wielding a +0 whip.
A gnoll comes into view. It is wielding a +0 club.
The adder bites you.
You miss the adder. The adder misses you.
You barely miss the adder.
The gnoll shouts!
You hear a shout!
The adder bites you but does no damage. The gnoll completely misses you.
The gnoll attacks as you move away! The gnoll hits you with a +0 flail!
The adder bites you.
You are poisoned.
The adder poisons you! The gnoll attacks as you move away!
The gnoll closely misses you.
You feel sick.
There is a stone staircase leading up here.
You feel sick. The adder bites you.
* * * LOW HITPOINT WARNING * * *
You are lethally poisoned!
The adder poisons you! The gnoll misses you.
You climb upwards.
* * * LOW HITPOINT WARNING * * *
You feel very sick.
There is a stone staircase leading down here.
It was a potion of haste.
You feel yourself speed up.
* * * LOW HITPOINT WARNING * * *
You feel sick. The adder bites you but does no damage.
The gnoll hits you with a +0 flail.
You die...

#...........#.#.# #.#..#.....#
#...........#.#.#####.#..#.....#
#.............#..........#.....##
#...........##.......##..#.......
#............).......##..#.....#.
....#.......#........##...รท....#.
.####.#####.##^......###.#.....#.
.##...# #.##...g..## #.........
.##.### #.....@...# #####...##
....# ####...S..# #####. .####
#......# #. .#############......#
#. .'..................# #.
.#############......# #. .#
#....).# ## .# #......# .#
#......#


You could see a gnoll and an adder.

Vanquished Creatures
  2 dart slugs (D:1)
  An orc (D:3)
  3 ball pythons (D:1)
  2 endoplasms
  3 giant cockroaches (D:1)
  5 goblins
  6 hobgoblins
  4 kobolds (D:1)
  7 bats (D:1)
  2 frilled lizards (D:1)
  4 rats
39 creatures vanquished.

Notes
Turn   | Place    | Note
-------+----------+-------------------------------------------
     0 | D:1      | Newt the Demonspawn Gladiator began the quest for the Orb.
     0 | D:1      | Reached XP level 1. HP: 16/16 MP: 1/1
   156 | D:1      | Reached skill level 1 in Stealth
   280 | D:1      | Gained mutation: Spells you cast may paralyse adjacent
                  | enemies. [demonic ancestry]
   280 | D:1      | Reached XP level 2. HP: 22/22 MP: 2/2
   818 | D:1      | Reached XP level 3. HP: 28/28 MP: 3/3
  1011 | D:1      | Found a faded altar of an unknown god.
  1418 | D:2      | Identified the +1 ring mail of Vexation {rElec Int+3
                  | Slay-6}
  1476 | D:2      | Reached skill level 3 in Fighting
  1889 | D:2      | Slain by a gnoll

Illustrated notes

Levels and vault maps discovered:
D:1:      minmay_arrival_arboretum_small, layout_loops_corners,
          shapermc_ecumenical_altar_hornbeckon, hangedman_abyss_or_decor_stabs
D:2:      layout_basic
D:3:      layout_rooms, okawaru_ov_weapons_minmay, gammafunk_ghost_stat_death,
          uniq_robin

Skill      XL: |  1  2  3 |
---------------+----------+-----
Stealth        | 1 2 |  2.0
Fighting       | 3 |  3.2
Short Blades   | |  2.6
Throwing       | |  1.7
Dodging        | |  2.6

Action                     || total
---------------------------++-------
  Melee: Dagger            ||   150
         Rapier            ||     5
    Use: Scroll            ||     2
         Potion            ||     1
   Stab: Sleeping          ||     2
 Armour: Leather armour    ||    55
  Dodge: Dodged            ||   108

Table legend: (Time is in decaauts)
 A = Elapsed time spent in this place.
 B = Non-inter-level travel time spent in this place.
 C = Inter-level travel time spent in this place.
 D = Time resting spent in this place.
 E = Time spent auto-exploring this place.
 F = Levels seen in this place.
 G = Mean time per level.
                   A        B        C        D        E       F      G
               +--------+--------+--------+--------+--------+-----+--------+
         Total |   1880 |   1658 |    222 |      0 |   1350 |   3 |  626.7 |
       Dungeon |   1880 |   1658 |    222 |      0 |   1350 |   3 |  626.7 |
               +--------+--------+--------+--------+--------+-----+--------+

Top non-repeatable levels by time:
     D:1: 1290 daAuts
     D:2: 576 daAuts
     D:3: 13 daAuts
